[Event "European Amateur-ch U1700 2019"]
[Site "Rhodes"]
[Date "2019.04.12"]
[Round "7.1"]
[White "Ruzic, Milos"]
[Black "Snokowski, Marcin"]
[Result "0-1"]
[ECO "B27"]
[WhiteElo "1674"]
[BlackElo "1659"]
[Annotator "NA"]
[PlyCount "72"]
[EventDate "2019.04.06"]
[EventType "swiss"]
[EventCountry "GRE"]
[SourceTitle "playchess.com"]
[Source "ChessBase"]
[SourceQuality "1"]
[TimeControl "40/5400+30:1800+30"]

1. e4 g6 2. d4 Bg7 3. Nf3 c5 4. dxc5 Qa5+ 5. c3 Qxc5 6. h3 d6 7. Be3 Qc7 8. Qc2 Nf6 9. Na3 a6 10. Nc4 Nbd7 11. a4 d5 12. exd5 Nxd5 13. Qd2 Nxe3 14. Qxe3 e6 15. Bd3 O-O 16. O-O Rb8 17. Rfc1 Rd8 18. a5 b5 19. axb6 Nxb6 20. Qe2 Rxd3 21. Nxb6 Rd6 22. Nxc8 Qxc8 23. Ra4 Rdb6 24. Rc2 Qb7 25. b4 Qd5 26. c4 Qd7 27. Rca2 Rxb4 28. Rxb4 Rxb4 29. Rxa6 Rb1+ 30. Kh2 Qc7+ 31. g3 h6 32. Ra2 Qb7 33. Qc2 Bd4 34. Qd3 e5 35. g4 Rb3 36. Ra8+ Kg7 0-1

[Event "European Amateur-ch U1700 2019"]
[Site "Rhodes"]
[Date "2019.04.12"]
[Round "7.2"]
[White "Kostov, Kiril"]
[Black "Stathatos, Alexandros"]
[Result "1-0"]
[ECO "C45"]
[WhiteElo "1625"]
[BlackElo "1184"]
[Annotator "NA"]
[PlyCount "89"]
[EventDate "2019.04.06"]
[EventType "swiss"]
[EventCountry "GRE"]
[SourceTitle "playchess.com"]
[Source "ChessBase"]
[SourceQuality "1"]
[TimeControl "40/5400+30:1800+30"]

1. e4 e5 2. Nf3 Nc6 3. d4 exd4 4. Nxd4 Nf6 5. Nxc6 bxc6 6. Bd3 Bc5 7. O-O O-O 8. Bg5 Re8 9. Nc3 Bb7 10. Re1 Be7 11. e5 Nd5 12. Bxe7 Qxe7 13. Qh5 h6 14. Qf5 g6 15. Nxd5 cxd5 16. Qh3 Kh7 17. f4 d6 18. e6 Bc8 19. f5 Qf6 20. exf7 Rxe1+ 21. Rxe1 Bxf5 22. Bxf5 gxf5 23. Rf1 f4 24. Qd3+ Kg7 25. Qxd5 Rf8 26. g3 Qxb2 27. Rxf4 Qc1+ 28. Rf1 Qxc2 29. Qd4+ Kh7 30. Qxa7 Qc4 31. Qf2 Qe6 32. Qc2+ Kg7 33. Qb2+ Kh7 34. Qc2+ Kg7 35. Qb2+ Kh7 36. Qf2 Kg7 37. a4 c5 38. a5 Qe7 39. Qb2+ Kh7 40. a6 c4 41. Qc2+ Kg7 42. Qxc4 Qa7+ 43. Rf2 Rb8 44. Qg4+ Kh7 45. Qd1 1-0

[Event "European Amateur-ch U1700 2019"]
[Site "Rhodes"]
[Date "2019.04.12"]
[Round "7.3"]
[White "Taddia, Davide"]
[Black "Meremyanina, Kseniya"]
[Result "0-1"]
[ECO "D09"]
[WhiteElo "1519"]
[BlackElo "1577"]
[Annotator "NA"]
[PlyCount "144"]
[EventDate "2019.04.06"]
[EventType "swiss"]
[EventCountry "GRE"]
[SourceTitle "playchess.com"]
[Source "ChessBase"]
[SourceQuality "1"]
[TimeControl "40/5400+30:1800+30"]

1. d4 d5 2. c4 e5 3. dxe5 d4 4. Nf3 Nc6 5. g3 Be6 6. Nbd2 Qd7 7. a3 Nge7 8. Qa4 Ng6 9. Bg2 O-O-O 10. Ng5 Ngxe5 11. Nxe6 Qxe6 12. O-O Kb8 13. f4 Ng4 14. Bxc6 Qxc6 15. Qxc6 bxc6 16. Nf3 f6 17. h3 Nh6 18. Ne1 c5 19. Nd3 a5 20. Bd2 a4 21. b3 axb3 22. Rfb1 Bd6 23. Rxb3+ Ka7 24. Rb5 Rb8 25. a4 Rxb5 26. axb5+ Kb7 27. Ra2 Ra8 28. Rb2 Ra4 29. Rc2 Nf5 30. Kf2 Ne7 31. e3 Ra3 32. Ke2 Nf5 33. Bc1 Nxg3+ 34. Kd2 Ne4+ 35. Ke2 Ng3+ 36. Kd2 dxe3+ 37. Kxe3 Bxf4+ 38. Kxf4 Rxd3 39. h4 Rc3 40. Rxc3 Ne2+ 41. Kf5 Nxc3 42. h5 Ne2 43. Be3 Nd4+ 44. Kg4 c6 45. bxc6+ Kxc6 46. Kf4 Kd6 47. Bd2 g6 48. hxg6 hxg6 49. Ba5 Ne6+ 50. Ke3 f5 51. Bc3 g5 52. Bf6 g4 53. Kf2 Nd4 54. Kg3 Ke6 55. Bg7 Kf7 56. Be5 Ke6 57. Bb8 Nb3 58. Kf4 Nd2 59. Ba7 Nxc4 60. Bxc5 Kf6 61. Bd4+ Kg6 62. Bg1 Nd6 63. Bc5 Ne4 64. Bg1 Ng5 65. Bb6 Nh3+ 66. Kg3 Kh5 67. Bc7 f4+ 68. Kh2 Kg5 69. Bd8+ Kf5 70. Bh4 Ke4 71. Bg3 fxg3+ 72. Kxg3 Kd4 0-1

[Event "European Amateur-ch U1700 2019"]
[Site "Rhodes"]
[Date "2019.04.12"]
[Round "7.4"]
[White "Pereverzev, Timofei"]
[Black "Pantelic, Slobodan"]
[Result "1-0"]
[ECO "B54"]
[WhiteElo "1463"]
[BlackElo "1646"]
[Annotator "NA"]
[PlyCount "93"]
[EventDate "2019.04.06"]
[EventType "swiss"]
[EventCountry "GRE"]
[SourceTitle "playchess.com"]
[Source "ChessBase"]
[SourceQuality "1"]
[TimeControl "40/5400+30:1800+30"]

1. e4 c5 2. Nf3 e6 3. d4 cxd4 4. Nxd4 a6 5. c4 Nf6 6. Nc3 d6 7. Be3 Bd7 8. Be2 Be7 9. O-O O-O 10. f4 Nc6 11. Kh1 Rc8 12. a4 Qc7 13. g4 Nxd4 14. Bxd4 Bc6 15. Bf3 e5 16. Be3 Bd7 17. g5 Ne8 18. Nd5 Qd8 19. Bb6 Nc7 20. h4 exf4 21. Qd2 Be6 22. Nxc7 Rxc7 23. Qa5 Rc5 24. Bxd8 Rxa5 25. Bxa5 Bxc4 26. Rfc1 b5 27. axb5 axb5 28. Bd2 f5 29. exf5 Rxf5 30. Ra8+ Kf7 31. Bg4 Bd5+ 32. Kg1 Re5 33. Rac8 f3 34. Rf1 Re2 35. Bxf3 Bxf3 36. Rxf3+ Kg6 37. Bc3 d5 38. Rg8 Bc5+ 39. Kf1 Re7 40. Bxg7 Rxg7 41. Rf6+ Kh5 42. Rxg7 Kxh4 43. g6 h5 44. Rgf7 Bd4 45. g7 Bxf6 46. Rxf6 Kg5 47. Rf8 1-0

[Event "European Amateur-ch U1700 2019"]
[Site "Rhodes"]
[Date "2019.04.12"]
[Round "7.5"]
[White "Kanev, Evgeny"]
[Black "Kalpakidis, Daniel Kyriakos"]
[Result "1-0"]
[ECO "E16"]
[WhiteElo "1629"]
[BlackElo "1211"]
[Annotator "NA"]
[PlyCount "85"]
[EventDate "2019.04.06"]
[EventType "swiss"]
[EventCountry "GRE"]
[SourceTitle "playchess.com"]
[Source "ChessBase"]
[SourceQuality "1"]
[TimeControl "40/5400+30:1800+30"]

1. d4 d5 2. c4 e6 3. Nf3 b6 4. g3 Bb7 5. Bg2 Nf6 6. O-O Bd6 7. Nc3 O-O 8. Re1 Ne4 9. Nd2 f5 10. f4 Rf6 11. Ndxe4 dxe4 12. b3 Rh6 13. Be3 Qe8 14. c5 Be7 15. b4 Qh5 16. Kf2 Nd7 17. Qb3 Kf7 18. d5 Nf6 19. dxe6+ Kf8 20. h3 Rg6 21. Rg1 Ng4+ 22. hxg4 Qxg4 23. Kf1 Qxg3 24. Nd5 Qh4 25. Bf2 Qh2 26. Nxe7 Kxe7 27. Qe3 Rd8 28. Rc1 Rxe6 29. Rh1 Qxh1+ 30. Bxh1 Rh6 31. Bg2 b5 32. c6 Bc8 33. Qc5+ Kf7 34. Qxa7 Rhd6 35. Bh4 Rd1+ 36. Rxd1 Rxd1+ 37. Kf2 Be6 38. Qxc7+ Kg6 39. Qe7 Bc4 40. Bxe4 fxe4 41. Qxe4+ Kh5 42. Qf5+ Kh6 43. Qg5# 1-0

[Event "European Amateur-ch U1700 2019"]
[Site "Rhodes"]
[Date "2019.04.12"]
[Round "7.6"]
[White "Badrakova, Kseniya"]
[Black "Bakhmanov, Farid"]
[Result "0-1"]
[ECO "B01"]
[WhiteElo "1435"]
[BlackElo "1491"]
[Annotator "NA"]
[PlyCount "80"]
[EventDate "2019.04.06"]
[EventType "swiss"]
[EventCountry "GRE"]
[SourceTitle "playchess.com"]
[Source "ChessBase"]
[SourceQuality "1"]
[TimeControl "40/5400+30:1800+30"]

1. e4 d5 2. exd5 Qxd5 3. Nc3 Qd6 4. d4 Nf6 5. Nf3 c6 6. Bd3 Bg4 7. Be3 e6 8. h3 Bh5 9. g4 Bg6 10. Ne5 Bxd3 11. Qxd3 Nbd7 12. Bf4 Nxe5 13. Bxe5 Qd8 14. O-O-O Bd6 15. Kb1 Bxe5 16. dxe5 Qxd3 17. Rxd3 Nd5 18. Ne4 Ke7 19. c4 Nf4 20. Rb3 b6 21. Rf1 Rhd8 22. Kc2 Rd4 23. Nd2 Rad8 24. Rd1 Ng6 25. Re3 Nf4 26. Re4 Nxh3 27. Rxd4 Rxd4 28. f3 Nf4 29. Re1 h5 30. gxh5 Nxh5 31. Rh1 Ng3 32. Re1 Nf5 33. Kc3 c5 34. Ne4 Nh4 35. Rf1 Nxf3 36. Nd6 Nxe5 37. Nc8+ Kd7 38. Nxa7 Rxc4+ 39. Kb3 Rd4 40. Nb5 Rb4+ 0-1

[Event "European Amateur-ch U1700 2019"]
[Site "Rhodes"]
[Date "2019.04.12"]
[Round "7.9"]
[White "Rammos, Ilias"]
[Black "Grishina, Zhanna"]
[Result "1/2-1/2"]
[ECO "B89"]
[WhiteElo "1040"]
[BlackElo "1482"]
[Annotator "NA"]
[PlyCount "133"]
[EventDate "2019.04.06"]
[EventType "swiss"]
[EventCountry "GRE"]
[SourceTitle "playchess.com"]
[Source "ChessBase"]
[SourceQuality "1"]
[TimeControl "40/5400+30:1800+30"]

1. e4 c5 2. Nf3 Nc6 3. d4 cxd4 4. Nxd4 Nf6 5. Nc3 e6 6. Bc4 Be7 7. Be3 d6 8. Qd2 Ng4 9. O-O-O Nxe3 10. fxe3 Ne5 11. Bb3 O-O 12. Rdf1 a6 13. Nf3 Nd7 14. h4 Nc5 15. h5 b5 16. h6 g6 17. Qd4 Nxb3+ 18. cxb3 f6 19. Ng5 e5 20. Qd5+ Kh8 21. Nf7+ Rxf7 22. Qxf7 Qf8 23. Rxf6 Bb7 24. Qxf8+ Bxf8 25. Rhf1 Bxh6 26. Rxd6 Bxe3+ 27. Kb1 Kg8 28. Rd7 Bc6 29. Rc7 Be8 30. Nd5 Bg5 31. Nf6+ Bxf6 32. Rxf6 h5 33. Re6 g5 34. Rxe5 g4 35. Rg5+ Kf8 36. e5 Rd8 37. Rgg7 Rd5 38. e6 Re5 39. Rh7 Bg6+ 40. Kc1 Bxh7 41. Rxh7 Kg8 42. Re7 h4 43. Rd7 Rxe6 44. Rd4 Rg6 45. Kd1 Kg7 46. a4 Kh6 47. Ke2 Kh5 48. axb5 axb5 49. Rd5+ Rg5 50. Rxg5+ Kxg5 51. Ke3 h3 52. gxh3 gxh3 53. Kf3 h2 54. Kg2 h1=Q+ 55. Kxh1 Kf4 56. Kg2 Ke3 57. b4 Kd3 58. Kf3 Kc2 59. Ke2 Kb3 60. Kd3 Kxb2 61. Kd2 Kb3 62. Kc1 Kc3 63. Kb1 Kc4 64. Kc2 Kxb4 65. Kb2 Kc4 66. Kc2 Kb4 67. Kb2 1/2-1/2

[Event "European Amateur-ch U1700 2019"]
[Site "Rhodes"]
[Date "2019.04.12"]
[Round "7.12"]
[White "Apostolakis, Ioannis"]
[Black "Diamantis, Georgios D."]
[Result "1/2-1/2"]
[ECO "D03"]
[WhiteElo "1439"]
[BlackElo "1632"]
[Annotator "NA"]
[PlyCount "42"]
[EventDate "2019.04.06"]
[EventType "swiss"]
[EventCountry "GRE"]
[SourceTitle "playchess.com"]
[Source "ChessBase"]
[SourceQuality "1"]
[TimeControl "40/5400+30:1800+30"]

1. d4 d5 2. Nf3 Nf6 3. Bg5 c5 4. e3 Nc6 5. Bxf6 exf6 6. c3 Qb6 7. Qc2 Bf5 8. Qb3 c4 9. Qxb6 axb6 10. Be2 Bd6 11. O-O O-O 12. Nbd2 b5 13. a3 Rfe8 14. h3 Ra7 15. Ne1 b4 16. e4 Bxe4 17. Nxe4 Rxe4 18. Bf3 Re7 19. Bxd5 Re2 20. Bxc4 Rxb2 21. Nd3 Rc2 1/2-1/2

[Event "European Amateur-ch U1700 2019"]
[Site "Rhodes"]
[Date "2019.04.13"]
[Round "8.1"]
[White "Meremyanina, Kseniya"]
[Black "Kostov, Kiril"]
[Result "1-0"]
[ECO "B26"]
[WhiteElo "1577"]
[BlackElo "1625"]
[Annotator "NA"]
[PlyCount "59"]
[EventDate "2019.04.06"]
[EventType "swiss"]
[EventCountry "GRE"]
[SourceTitle "playchess.com"]
[Source "ChessBase"]
[SourceQuality "1"]
[TimeControl "40/5400+30:1800+30"]

1. e4 c5 2. Nc3 Nc6 3. g3 g6 4. d3 Bg7 5. Be3 d6 6. Qd2 e6 7. Bg2 Nge7 8. Bh6 O-O 9. Bxg7 Kxg7 10. Nge2 Qb6 11. O-O Bd7 12. h3 Nd4 13. Nxd4 cxd4 14. Ne2 Rac8 15. c3 Nc6 16. Kh2 dxc3 17. bxc3 e5 18. f4 f5 19. exf5 Bxf5 20. fxe5 dxe5 21. Rab1 Qa6 22. c4 Rfd8 23. Rb3 b6 24. Bxc6 Qxc4 25. Rxf5 Qxc6 26. Rxe5 Qf3 27. Nf4 Rd6 28. Re7+ Kg8 29. Qb2 Rd4 30. Rb4 1-0

[Event "European Amateur-ch U1700 2019"]
[Site "Rhodes"]
[Date "2019.04.13"]
[Round "8.2"]
[White "Snokowski, Marcin"]
[Black "Kanev, Evgeny"]
[Result "0-1"]
[ECO "A08"]
[WhiteElo "1659"]
[BlackElo "1629"]
[Annotator "NA"]
[PlyCount "82"]
[EventDate "2019.04.06"]
[EventType "swiss"]
[EventCountry "GRE"]
[SourceTitle "playchess.com"]
[Source "ChessBase"]
[SourceQuality "1"]
[TimeControl "40/5400+30:1800+30"]

1. Nf3 d5 2. d3 Nf6 3. g3 c5 4. Bg2 g6 5. O-O Bg7 6. c3 Nc6 7. a4 O-O 8. Na3 e5 9. e4 dxe4 10. dxe4 Qxd1 11. Rxd1 Nxe4 12. Nxe5 Nxc3 13. bxc3 Nxe5 14. Be3 Bg4 15. Bxc5 Bxd1 16. Bxf8 Bxf8 17. Rxd1 Bxa3 18. Rd5 Nc6 19. Rb5 Nd8 20. c4 Rb8 21. Bd5 b6 22. a5 Bc5 23. axb6 axb6 24. Rb3 Ne6 25. Kg2 Re8 26. Bc6 Rd8 27. Bd5 Nc7 28. Bc6 Rd2 29. Rf3 Kg7 30. h4 Rd6 31. Ba4 Rf6 32. Rxf6 Kxf6 33. f4 h6 34. Kf3 Ne6 35. g4 Bd6 36. g5+ hxg5 37. hxg5+ Ke7 38. f5 Nd4+ 39. Ke4 Nxf5 40. Bc6 Ng7 41. Bd5 Ne6 {[%emt 0:00:22] Kd4 [%emt 00:01:01]} 0-1

[Event "European Amateur-ch U1700 2019"]
[Site "Rhodes"]
[Date "2019.04.13"]
[Round "8.4"]
[White "Bakhmanov, Farid"]
[Black "Pereverzev, Timofei"]
[Result "1-0"]
[ECO "B41"]
[WhiteElo "1491"]
[BlackElo "1463"]
[Annotator "NA"]
[PlyCount "105"]
[EventDate "2019.04.06"]
[EventType "swiss"]
[EventCountry "GRE"]
[SourceTitle "playchess.com"]
[Source "ChessBase"]
[SourceQuality "1"]
[TimeControl "40/5400+30:1800+30"]

1. e4 c5 2. Nf3 e6 3. d4 cxd4 4. Nxd4 a6 5. c4 Nf6 6. Nc3 Qc7 7. Bd3 Nc6 8. Nxc6 dxc6 9. Be3 e5 10. h3 Be6 11. O-O Rd8 12. Qc2 Be7 13. Rac1 O-O 14. Rfd1 Nd7 15. a3 Nc5 16. Bf1 a5 17. Nd5 cxd5 18. cxd5 b6 19. dxe6 fxe6 20. b4 Na6 21. Qxc7 Nxc7 22. Rxd8 Bxd8 23. Bxb6 Rf7 24. Bxa5 Rd7 25. b5 Ne8 26. Bxd8 Rxd8 27. b6 Rb8 28. Rb1 Kf7 29. a4 Nd6 30. a5 Nc8 31. b7 Na7 32. a6 Ke7 33. Rd1 g6 34. g3 Rf8 35. f4 exf4 36. gxf4 Rb8 37. h4 h6 38. e5 g5 39. hxg5 hxg5 40. fxg5 Kf7 41. Bd3 Rg8 42. g6+ Ke7 43. Rc1 Rb8 44. Kf2 Rf8+ 45. Kg3 Rd8 46. Rc7+ Kf8 47. Kg4 Kg8 48. Kg5 Kf8 49. Bc4 Re8 50. g7+ Kg8 51. Bxe6+ Rxe6 52. b8=Q+ Kh7 53. g8=Q# 1-0

[Event "European Amateur-ch U1700 2019"]
[Site "Rhodes"]
[Date "2019.04.13"]
[Round "8.5"]
[White "Stathatos, Alexandros"]
[Black "Papadopoulos, Panteleimon"]
[Result "1/2-1/2"]
[ECO "C54"]
[WhiteElo "1184"]
[BlackElo "1384"]
[Annotator "NA"]
[PlyCount "80"]
[EventDate "2019.04.06"]
[EventType "swiss"]
[EventCountry "GRE"]
[SourceTitle "playchess.com"]
[Source "ChessBase"]
[SourceQuality "1"]
[TimeControl "40/5400+30:1800+30"]

1. e4 e5 2. Nf3 Nc6 3. Bc4 Bc5 4. c3 Nf6 5. d3 a6 6. O-O Ba7 7. Nbd2 O-O 8. h3 h6 9. Re1 Re8 10. Bb3 d5 11. exd5 Nxd5 12. Nf1 Bf5 13. Ng3 Bg6 14. Bc2 f5 15. a4 Kh8 16. a5 Qe7 17. Ra4 Rad8 18. Nh4 Qf6 19. Nxg6+ Qxg6 20. Qf3 Rf8 21. Kh2 Nde7 22. Ne2 Qe6 23. Qg3 Rf6 24. f4 Rg6 25. Qf3 Qf6 26. Be3 Bxe3 27. Qxe3 Nd5 28. Qf2 Qd6 29. fxe5 Nxe5 30. Nf4 Nxd3 31. Bxd3 Nxf4 32. Rxf4 Qxd3 33. Rxf5 Qd6+ 34. Kh1 Qd2 35. Re2 Qd1+ 36. Kh2 Qd6+ 37. Kh1 Qd1+ 38. Kh2 Qd6+ 39. Kh1 Qd1+ 40. Kh2 Qd6+ 1/2-1/2

[Event "European Amateur-ch U1700 2019"]
[Site "Rhodes"]
[Date "2019.04.13"]
[Round "8.6"]
[White "Buzescu, Vladimir"]
[Black "Taddia, Davide"]
[Result "1-0"]
[ECO "B01"]
[WhiteElo "1620"]
[BlackElo "1519"]
[Annotator "NA"]
[PlyCount "63"]
[EventDate "2019.04.06"]
[EventType "swiss"]
[EventCountry "GRE"]
[SourceTitle "playchess.com"]
[Source "ChessBase"]
[SourceQuality "1"]
[TimeControl "40/5400+30:1800+30"]

1. e4 d5 2. exd5 Qxd5 3. Nc3 Qd6 4. d4 Nf6 5. Nf3 c6 6. Be2 Bf5 7. Ne5 Nbd7 8. Nc4 Qc7 9. O-O e6 10. g3 Nd5 11. Ne3 Bh3 12. Re1 N7f6 13. Ncxd5 cxd5 14. Bb5+ Kd8 15. c4 a6 16. Ba4 Bb4 17. Bd2 Bxd2 18. Qxd2 dxc4 19. d5 b5 20. dxe6+ Kc8 21. Bc2 Rd8 22. Qe2 Bxe6 23. Rad1 Rxd1 24. Rxd1 Kb7 25. Nf5 Bxf5 26. Bxf5 Re8 27. Qf3+ Kb8 28. Bh3 Qb7 29. Qf4+ Qc7 30. Qd2 Qe7 31. Bg2 Kc7 32. Qa5+ 1-0

[Event "European Amateur-ch U1700 2019"]
[Site "Rhodes"]
[Date "2019.04.13"]
[Round "8.7"]
[White "Pantelic, Slobodan"]
[Black "Rammos, Ilias"]
[Result "0-1"]
[ECO "D02"]
[WhiteElo "1646"]
[BlackElo "1040"]
[Annotator "NA"]
[PlyCount "90"]
[EventDate "2019.04.06"]
[EventType "swiss"]
[EventCountry "GRE"]
[SourceTitle "playchess.com"]
[Source "ChessBase"]
[SourceQuality "1"]
[TimeControl "40/5400+30:1800+30"]

1. Nf3 d5 2. d4 Nf6 3. Bf4 Bf5 4. h3 h6 5. e3 e6 6. c3 Nbd7 7. Bd3 Be4 8. Qe2 Bd6 9. Nbd2 Bxf4 10. exf4 Bxd3 11. Qxd3 O-O 12. O-O c5 13. Ne5 Nxe5 14. fxe5 c4 15. Qf3 Nh7 16. Qg4 Qe7 17. f4 f5 18. Qh5 Qf7 19. Qh4 Qg6 20. Nf3 b5 21. a3 a5 22. Kh2 Rf7 23. Rg1 Raf8 24. Qf2 Qh5 25. Raf1 g5 26. fxg5 hxg5 27. Qg3 Rg7 28. h4 g4 29. Nd2 f4 30. Rxf4 Rxf4 31. Re1 Rf2 32. Rd1 Qh6 33. Nf1 Rxb2 34. Ne3 Qh5 35. Rf1 b4 36. axb4 axb4 37. Rf4 bxc3 38. Nd1 Rb3 39. Nxc3 Ng5 40. Rxg4 Rxc3 41. Qf4 Qxg4 42. Qxg4 Nf3+ 43. gxf3 Rxg4 44. fxg4 Re3 45. Kg2 c3 0-1

[Event "European Amateur-ch U1700 2019"]
[Site "Rhodes"]
[Date "2019.04.13"]
[Round "8.8"]
[White "Kalpakidis, Daniel Kyriakos"]
[Black "Cebo, Vladimir"]
[Result "1/2-1/2"]
[ECO "D04"]
[WhiteElo "1211"]
[BlackElo "1602"]
[Annotator "NA"]
[PlyCount "50"]
[EventDate "2019.04.06"]
[EventType "swiss"]
[EventCountry "GRE"]
[SourceTitle "playchess.com"]
[Source "ChessBase"]
[SourceQuality "1"]
[TimeControl "40/5400+30:1800+30"]

1. d4 d5 2. b3 Nf6 3. Bb2 Bf5 4. Nf3 e6 5. e3 Bd6 6. Be2 O-O 7. O-O Nbd7 8. Ne5 c6 9. f4 Qc7 10. Rf3 a6 11. Nd2 c5 12. c4 cxd4 13. exd4 Bb4 14. Rc1 Qa5 15. Nxd7 Nxd7 16. a3 Bxd2 17. b4 Bxb4 18. axb4 Qxb4 19. Ba3 Qb6 20. Bxf8 Rxf8 21. c5 Qc7 22. Rfc3 Nf6 23. g3 Ne4 24. Rb3 h6 25. Bd3 f6 1/2-1/2

[Event "European Amateur-ch U1700 2019"]
[Site "Rhodes"]
[Date "2019.04.13"]
[Round "8.10"]
[White "Grishina, Zhanna"]
[Black "Badrakova, Kseniya"]
[Result "1-0"]
[ECO "D02"]
[WhiteElo "1482"]
[BlackElo "1435"]
[Annotator "NA"]
[PlyCount "75"]
[EventDate "2019.04.06"]
[EventType "swiss"]
[EventCountry "GRE"]
[SourceTitle "playchess.com"]
[Source "ChessBase"]
[SourceQuality "1"]
[TimeControl "40/5400+30:1800+30"]

1. d4 d5 2. Bf4 Bf5 3. Nf3 Nc6 4. e3 e6 5. Bd3 Bxd3 6. Qxd3 Nf6 7. Nbd2 Nh5 8. Bg5 Be7 9. Bxe7 Qxe7 10. O-O O-O 11. c4 Nf6 12. a3 Rfd8 13. b4 e5 14. dxe5 Nxe5 15. Nxe5 Qxe5 16. Nf3 Qe7 17. c5 c6 18. Nd4 Ne4 19. Rfe1 Re8 20. Re2 Rad8 21. Rae1 h6 22. f3 Nf6 23. Nf5 Qe6 24. a4 b6 25. Nd6 Re7 26. Qa6 Rb8 27. e4 Qd7 28. exd5 Rxe2 29. Rxe2 Nxd5 30. Qc4 bxc5 31. bxc5 Rb4 32. Qa6 Nc3 33. Re8+ Kh7 34. Qd3+ g6 35. Qxc3 Rb1+ 36. Kf2 g5 37. Qc2+ Kg7 38. Qxb1 1-0

[Event "European Amateur-ch U1700 2019"]
[Site "Rhodes"]
[Date "2019.04.13"]
[Round "8.12"]
[White "Irakleidis, Christos"]
[Black "Apostolakis, Ioannis"]
[Result "1/2-1/2"]
[ECO "A80"]
[WhiteElo "1348"]
[BlackElo "1439"]
[Annotator "NA"]
[PlyCount "52"]
[EventDate "2019.04.06"]
[EventType "swiss"]
[EventCountry "GRE"]
[SourceTitle "playchess.com"]
[Source "ChessBase"]
[SourceQuality "1"]
[TimeControl "40/5400+30:1800+30"]

1. d4 e6 2. Nf3 f5 3. e3 Nf6 4. Nbd2 b6 5. b3 g6 6. Bb2 Bg7 7. Be2 Bb7 8. c4 O-O 9. Qc2 Nc6 10. O-O Re8 11. Rfc1 Rc8 12. Rd1 a6 13. Qc3 d6 14. Bd3 Ne7 15. c5 h6 16. Be2 Ned5 17. Qc1 b5 18. c6 Ba8 19. a4 Rb8 20. axb5 axb5 21. Ra5 Nb4 22. Bxb5 Rxb5 23. Rxb5 Nd3 24. Qc2 Nxb2 25. Qxb2 Bxc6 26. Ra5 Bd7 1/2-1/2

[Event "European Amateur-ch U1700 2019"]
[Site "Rhodes"]
[Date "2019.04.14"]
[Round "9.10"]
[White "Minko, Uliana"]
[Black "Kalpakidis, Daniel Kyriakos"]
[Result "0-1"]
[ECO "A13"]
[WhiteElo "1315"]
[BlackElo "1211"]
[Annotator "NA"]
[PlyCount "128"]
[EventDate "2019.04.06"]
[EventType "swiss"]
[EventCountry "GRE"]
[SourceTitle "playchess.com"]
[Source "ChessBase"]
[SourceQuality "1"]
[TimeControl "40/5400+30:1800+30"]

1. c4 e6 2. g3 d5 3. cxd5 exd5 4. Nf3 Bd6 5. a3 Nf6 6. Bg2 b6 7. Nc3 Bb7 8. O-O O-O 9. b4 a6 10. Rb1 Ne4 11. Bb2 f5 12. d3 Nxc3 13. Bxc3 Nd7 14. Nd4 Qe7 15. Re1 f4 16. a4 fxg3 17. hxg3 Qf6 18. Rf1 Be5 19. e3 Kh8 20. f4 Bxd4 21. Bxd4 Qg6 22. Rf3 Nf6 23. Bxf6 Rxf6 24. d4 Qe8 25. Qb3 Rc6 26. g4 Rc4 27. g5 a5 28. b5 Qg6 29. Ra1 Rc8 30. Bh3 Re8 31. Rg3 Bc8 32. Bg2 Bb7 33. Bf1 Rb4 34. Qc3 c6 35. Bd3 Qd6 36. Qc2 g6 37. Rh3 Kg7 38. f5 Bc8 39. f6+ Kg8 40. Rf3 Kf7 41. bxc6 Bg4 42. Rf2 Qg3+ 43. Rg2 Qxe3+ 44. Kh2 Qh3+ 45. Kg1 Qe3+ 46. Kh1 Rxd4 47. Bf1 Bf3 48. Kh2 Rh4+ 49. Kg3 Ree4 50. Qxe4 Bxe4+ 51. Kxh4 Bf5 52. Rg4 Qf2+ 53. Kh3 Qf3+ 54. Kh2 Bxg4 55. Kg1 Qg3+ 56. Bg2 Bh3 57. Ra2 Bxg2 58. Rxg2 Qe3+ 59. Kf1 Qc1+ 60. Kf2 Qxc6 61. Rh2 Kg8 62. Kf1 Qc1+ 63. Kg2 Qxg5+ 64. Kh1 Qxf6 0-1

[Event "European Amateur-ch U1700 2019"]
[Site "Rhodes"]
[Date "2019.04.14"]
[Round "9.12"]
[White "Apostolakis, Ioannis"]
[Black "Karali, Panagiota"]
[Result "1-0"]
[ECO "D00"]
[WhiteElo "1439"]
[BlackElo "1191"]
[Annotator "NA"]
[PlyCount "91"]
[EventDate "2019.04.06"]
[EventType "swiss"]
[EventCountry "GRE"]
[SourceTitle "playchess.com"]
[Source "ChessBase"]
[SourceQuality "1"]
[TimeControl "40/5400+30:1800+30"]

1. d4 d5 2. Nc3 Nf6 3. Bf4 Bf5 4. f3 Nc6 5. g4 Bg6 6. a3 e6 7. h4 h6 8. h5 Bh7 9. e3 Bd6 10. Qd2 Bxf4 11. exf4 Qd6 12. O-O-O O-O-O 13. Nb5 Qd7 14. Bd3 a6 15. Bxh7 Nxh7 16. Nc3 Rhe8 17. Nge2 f6 18. Rhe1 e5 19. Qd3 Nf8 20. f5 Nh7 21. dxe5 d4 22. e6 Qd6 23. Ne4 Qd5 24. c4 Qa5 25. f4 Qa4 26. Nc5 Qa5 27. Nb3 Qb6 28. Kb1 a5 29. c5 Qa7 30. Rc1 b6 31. Qb5 Kb7 32. cxb6 Qxb6 33. Nc5+ Ka7 34. Qxb6+ Kxb6 35. Nd3 a4 36. Rc4 Kb5 37. Rec1 Rd6 38. R1c2 Re7 39. Rc5+ Kb6 40. R2c4 Nf8 41. Rxa4 Nd7 42. Rxc6+ Kxc6 43. Nxd4+ Kb6 44. Rb4+ Ka6 45. exd7 Rexd7 46. Nc5+ 1-0